 Dungeon Crawl Stone Soup version bcrawl-1.15.1 (webtiles) character file.

Game seed: 10894516078292038863

142 Kairok the Sneak (level 5, -1/30 HPs)
             Began as a Vine Stalker Rogue on Sept 26, 2019.
             Slain by an ogre
             ... wielding a +0 giant club
              (9 damage)
             ... on level 2 of the Dungeon.
             The game lasted 00:03:54 (1855 turns).

Kairok the Sneak (Vine Stalker Rogue)               Turns: 1855, Time: 00:03:55

Health: -1/30      AC:  9    Str: 14    XL:     5   Next: 24%
Magic:  7/7        EV: 10    Int: 11    God:
Gold:   180        SH:  3    Dex: 18    Spells: 4/4 levels left

rFire    . . .     SeeInvis .   a - +2 dagger
rCold    . . .     Gourm    .   (no shield)
rNeg     . . .     Faith    .   k - +0 scale mail
rPois    .         Spirit   .   l - +2 hat
rElec    .         Reflect  +   d - +0 cloak
rCorr    .         Harm     .   (no gloves)
MR       .....                  (no boots)
Stlth    ++........             p - +3 amulet of reflection
HPRegen  0.50/turn              i - +2 ring of dexterity
MPRegen  0.10/turn              (no ring)

@: no status effects
A: antennae 1, fangs 2, regeneration 1, wild magic 1, no potion heal 3, rot
immunity, strong jaws
a: no special abilities


You were on level 2 of the Dungeon.
You were not hungry.

You visited 1 branch of the dungeon, and saw 3 of its levels.

You collected 180 gold pieces.

Inventory:

Hand Weapons
 a - a +2 dagger (weapon)
 b - a +0 blowgun
Missiles
 e - 80 poisoned needles
Armour
 c - a +0 robe
 d - a +0 cloak (worn)
 k - a +0 scale mail (worn)
 l - a +2 hat (worn)
Jewellery
 i - a +2 ring of dexterity (left hand)
 p - a +3 amulet of reflection (around neck)
Wands
 f - a wand of flame (14)
 g - a wand of enslavement (14)
Scrolls
 o - 2 scrolls of teleportation
 r - a scroll of fear {unknown}
Potions
 j - 3 potions of might
 m - a potion of brilliance
Comestibles
 h - 5 rations {!d}


   Skills:
 + Level 2.3 Fighting
 + Level 3.0 Short Blades
 + Level 0.7 Armour
 + Level 1.9 Dodging
 + Level 6.9 Stealth
 + Level 1.8 Evocations


You had 4 spell levels left.
You didn't know any spells.
Your spell library was empty.

Dungeon Overview and Level Annotations

Branches:
Dungeon (3/12)

Altars:
Yredelemnul


Innate Abilities, Weirdness & Mutations

You have extremely sharp teeth.
Your natural rate of healing is unusually fast.
Potions cannot restore your health.
You are immune to rotting.
Your bites deal extra damage.
You have a pair of small antennae on your head.
Your spells are a little harder to cast, but a little more powerful.


Message History

The leopard gecko bites you but does no damage.
You block the ogre's attack. The howler monkey closely misses you.
You hit the leopard gecko.
The leopard gecko is severely wounded.
The leopard gecko closely misses you. The howler monkey hits you.
The ogre barely misses you.
You barely miss the leopard gecko.
The leopard gecko is severely wounded.
The leopard gecko bites you but does no damage.
The howler monkey hits you.
You miss the leopard gecko.
The leopard gecko is severely wounded.
The leopard gecko bites you. The howler monkey barely misses you.
The ogre hits you with a +0 giant club!
* * * LOW HITPOINT WARNING * * *
You hit the leopard gecko but do no damage.
The leopard gecko is severely wounded.
The leopard gecko closely misses you. The howler monkey closely misses you.
The ogre hits you with a +0 giant club!
You die...

.# .# ############# .#
#...........# .########
#÷#########.# .##.....#
#.#......##.# .##.....#
#.#.####.##.# .##.....#
#.#.#<<#)##.#
.##.....###.#.#O##.##.#
....)...'†.....h@l.##.#
#.......###.#.#######.#
#.......# #.#.........#
#.......###.###########
#...........#
#........####
#........# #..#####<#
.........#


You could see an ogre, a howler monkey and a leopard gecko.

Vanquished Creatures
  A howler monkey (D:3)
  An adder (D:3)
  An ooze (D:1)
  A worm (D:1)
  A dart slug (D:1)
  4 leopard geckos
  2 giant cockroaches
  13 goblins
  10 hobgoblins
  9 jackals
  3 quokkas (D:2)
  A ball python (D:2)
  9 bats
  5 frilled lizards
  4 kobolds
  9 rats
74 creatures vanquished.

Vanquished Creatures (collateral kills)
  A frilled lizard (D:2)
1 creature vanquished.

Vanquished Creatures (others)
  A kobold (D:2)
1 creature vanquished.

Grand Total: 76 creatures vanquished

Notes
Turn   | Place    | Note
-------+----------+-------------------------------------------
     0 | D:1      | Kairok the Vine Stalker Rogue began the quest for the Orb.
     0 | D:1      | Reached XP level 1. HP: 12/12 MP: 3/3
    53 | D:1      | Reached skill level 6 in Stealth
   133 | D:1      | Reached XP level 2. HP: 14/17 MP: 4/4
   326 | D:1      | Reached XP level 3. HP: 20/21 MP: 5/5
   882 | D:1      | Reached skill level 1 in Dodging
   936 | D:1      | Gained mutation: Your spells are a little harder to cast,
                  | but a little more powerful. [potion of mutation]
   936 | D:1      | Gained mutation: You have a pair of small antennae on your
                  | head. [potion of mutation]
  1036 | D:2      | Reached XP level 4. HP: 26/26 MP: 6/6
  1240 | D:2      | Noticed an ogre
  1791 | D:3      | Found a basalt altar of Yredelemnul.
  1807 | D:3      | Reached XP level 5. HP: 29/30 MP: 7/7
  1855 | D:2      | Slain by an ogre

Skill      XL: |  1  2  3  4 |
---------------+-------------+-----
Stealth        | 6 |  6.9
Short Blades   | 2 3 |  3.0
Fighting       | 2 |  2.3
Dodging        | 1 |  1.9
Armour         | |  0.7
Evocations     | |  1.8

Action                   |  1- 3 |  4- 6 || total
-------------------------+-------+-------++-------
Melee: Dagger            |   112 |   124 ||   236
       Bite              |    11 |    16 ||    27
Evoke: Wand              |       |     2 ||     2
  Use: Scroll            |     1 |     2 ||     3
       Potion            |     1 |       ||     1
 Stab: Sleeping          |     6 |     5 ||    11
  Eat: Chunk             |       |     3 ||     3
Armor: Robe              |     6 |       ||     6
       Scale mail        |    31 |   125 ||   156
Dodge: Dodged            |    49 |   106 ||   155
Block: Other             |       |     9 ||     9
